 Dungeon Crawl Stone Soup version 0.31-a0-232-gb1c03b2570 (webtiles) character file.

Game seed: 757433296441698158

9884 Decritt the Fighter (level 11, -14/103 HPs)
             Began as an Armataur Gladiator on July 7, 2023.
             Was a Believer of Qazlal.
             Killed from afar by an ogre mage (31 damage)
             ... with a bolt of magma
             ... on level 10 of the Dungeon.
             The game lasted 00:22:01 (10791 turns).

Decritt the Fighter (Armataur Gladiator)           Turns: 10791, Time: 00:22:01

Health: -14/103    AC: 18    Str: 32    XL:     11   Next: 28%
Magic:  13/13      EV:  7    Int:  4    God:    Qazlal [**....]
Gold:   593        SH:  3    Dex: 12    Spells: 10/10 levels left

rFire   . . .        o - +0 dire flail
rCold   . . .        (shield currently unavailable)
rNeg    . . .        n - +1 plate armour
rPois   .            k - +2 helmet of Reason {Str+9 Int-5}
rElec   .            r - scarf {repulsion}
rCorr   .            i - +1 pair of gloves
SInv    .            (no barding)
Will    .....        (no amulet) Stlth
                     (no ring)
HPRegen 0.37/turn    (no ring)
MPRegen 0.13/turn

%: repel missiles, roll
@: no status effects
A: large, rugged brown scales 3, deformed body, armoured tail, roll, long
tongue, awkward tongue
a: Renounce Religion, Upheaval


You were on level 10 of the Dungeon.
You worshipped Qazlal.
Qazlal was pleased with you.
You visited 1 branch of the dungeon, and saw 10 of its levels.

You collected 593 gold pieces.

Inventory:

Hand Weapons
 a - a +0 war axe
 o - a +0 dire flail (weapon)
 y - a +1 heavy mace
Missiles
 B - 3 throwing nets
Armour
 b - a +1 ring mail of cold resistance
 i - a +1 pair of gloves (worn)
 k - the +2 helmet of Reason (worn) {Str+9 Int-5}
   (You took it off Robin on level 2 of the Dungeon)

   Str:       It affects your strength (+9).
   Int:       It affects your intelligence (-5).
 n - a +1 plate armour (worn)
 p - a +0 buckler
 r - a scarf of repulsion (worn)
Jewellery
 q - an amulet of magic regeneration
 A - a ring of ice
 C - a ring of ice
Wands
 d - a wand of light (8)
 l - a wand of paralysis (22)
 s - a wand of flame (31)
Scrolls
 c - a scroll of enchant weapon
 f - a scroll of fog
 g - a scroll of blinking
 t - a scroll of fear
 u - a scroll of immolation {unknown}
 w - a scroll of noise {unknown}
 D - a scroll of revelation
Potions
 e - a potion of resistance
 h - 3 potions of haste
 j - 2 potions of invisibility
 m - 2 potions of attraction
 v - a potion of heal wounds
 x - 2 potions of brilliance
 z - a potion of lignification


   Skills:
 * Level 9.6 Fighting
 * Level 9.0 Axes
 - Level 1.7 Throwing
 + Level 8.5 Armour
 + Level 3.9 Dodging
 - Level 5.3 Shields
 + Level 3.9 Invocations


You had 10 spell levels left.
You didn't know any spells.
Your spell library contained the following spells:

 Spells                   Type           Power      Damage    Failure   Level
 Cigotuvi's Dreadful Rot  Necr/Pois/Air  0%         N/A       99%         2
 Scorch                   Fire           0%         2d5       99%         2
 Gell's Gravitas          Tloc           0%         N/A       100%        3
 Ozocubu's Armour         Ice            0%         N/A       100%        3
 Teleport Other           Tloc           0%         N/A       100%        3
 Dispel Undead            Necr           0%         3d6       100%        4
 Flame Wave               Conj/Fire      0%         2d4       100%        4
 Death Channel            Necr           0%         N/A       100%        6
 Dispersal                Tloc           0%         N/A       100%        6
 Summon Cactus Giant      Summ           0%         N/A       100%        6
 Ozocubu's Refrigeration  Ice            0%         4d7       100%        7


Dungeon Overview and Level Annotations

Branches:
Dungeon (10/15)               Orc (0/2) D:10
 Temple: D:4-7         Lair: D:8-11

Altars:
Ashenzari
Cheibriados
Elyvilon
Gozag
Kikubaaqudgha
Qazlal
Ru
Sif Muna
Trog
Xom
Yredelemnul
Zin
The Shining One


Innate Abilities, Weirdness & Mutations

You are completely covered in rugged brown scales. (AC +3, +7% HP)
Armour fits poorly on your strangely shaped body.
You have a long armoured tail.
You roll when moving toward enemies. (Rampage)
Your long tongue fully drains potion bottles. (2x potion effects)
Your tongue gives you trouble enunciating. (1.5x scroll delay)


Message History

You roll towards the orc wizard!
The orc wizard hits you but does no damage.
You see here a yak corpse.
You barely miss the orc wizard. You tail-slap the orc wizard.
The orc wizard is moderately wounded.
The orc wizard barely misses you.
You completely miss the orc wizard.
The orc wizard is moderately wounded.
The orc wizard barely misses you.
You sock the orc wizard!
You kill the orc wizard!
Qazlal accepts your kill.
No target in view!
You hear a shout! x3
An ogre mage comes into view.
It is wielding the +9 war axe of Zacepar {heavy, Str+4}.
The ogre mage mumbles some strange words.
The ogre mage flickers and vanishes!
Deactivating autopickup; reactivate with Ctrl-A.
Items here: (( )) [ ††.
You see here a +0 halberd.
You start resting.
Something hits you.
You start resting.
Something hits you!
* * * LOW HITPOINT WARNING * * *
You hear some strange, mumbled words.
A bolt of magma appears from out of thin air!
The bolt of magma hits you!!
* * * LOW HITPOINT WARNING * * *
An ogre mage appears from thin air!
Reactivating autopickup.
The ogre mage gestures wildly while chanting.
The ogre mage flickers and vanishes!
Deactivating autopickup; reactivate with Ctrl-A.
As you slowly read the scroll of fog, it dissolves into smoke.
You see here a +0 chain mail.
You hear some strange, mumbled words.
A bolt of magma appears from out of thin air!
The bolt of magma hits you!!
You die...

# #.# ##.##.#..##. .##(..##... ##
#.###..##.##..#######).#[.####
.###.##..###.###.........###.....
..##.#...###.#######.§.####.§(...
..'..............{.{§§....'.§....
..####...#######.###§§#######....
.## ##..# #.#.§§§§§§§§§.{... ##
##.# #.#.######§###.... # #.#
#@#.# #8...8##... #.#
#.#.####.....###'# ##.#
#.#....#..>..# #.# #..#
#.#.#.##.....# #.# #######.##
#......#8...8###.# ......#.#
###.#..########... #####.#.#
#.####.##....... # #.#.#
#......######... #####.#.#
######## ##.#


There were no monsters in sight!

Vanquished Creatures
  A hydra (D:9)
  A centaur warrior (D:10)
  A two-headed ogre (D:10)
  Pikel (D:7)
  Maggie (D:7)
  An unseen horror (D:10)
  A troll (D:10)
  A vampire (D:10)
  2 wraiths
  A wyvern (D:9)
  8 yaks (D:10)
  3 steam dragons
  An acid dragon (D:10)
  2 water moccasins
  8 orc warriors
  3 ice beasts
  6 ogres
  2 lemures (D:7)
  4 centaurs
  4 kobold brigands (D:10)
  Blork the orc (D:5)
  3 bullfrogs
  2 gnoll sergeants (D:10)
  3 scorpions
  A wight (D:10)
  7 killer bees
  4 hounds
  3 jellies
  A gnoll bouda (D:8)
  5 orc priests
  Jessica (D:3)
  6 sleepcaps
  5 iguanas
  15 orc wizards
  Robin (D:2)
  12 gnolls
  10 adders
  4 shadow imps
  A white imp (D:6)
  3 ufetubi
  2 worms
  2 dart slugs
  41 orcs
  10 ball pythons
  6 endoplasms
  2 giant cockroaches
  11 goblins
  8 hobgoblins
  11 jackals
  4 kobolds
  3 quokkas
  7 bats
  2 frilled lizards
  5 rats
254 creatures vanquished.

Vanquished Creatures (others)
  An angel (D:6)
  A wizard (D:8)
  An orc wizard (D:9)
3 creatures vanquished.

Grand Total: 257 creatures vanquished

Notes
Turn   | Place    | Note
-------+----------+-------------------------------------------
     0 | D:1      | Decritt the Armataur Gladiator began the quest for the Orb.
     0 | D:1      | Reached XP level 1. HP: 18/18 MP: 1/1
   302 | D:1      | Found a faded altar of an unknown god.
   305 | D:1      | Reached XP level 2. HP: 25/25 MP: 2/2
   452 | D:1      | Reached skill level 1 in Armour
   661 | D:2      | Reached XP level 3. HP: 19/32 MP: 3/3
   989 | D:2      | Reached XP level 4. HP: 31/39 MP: 4/4
  1201 | D:2      | Identified the +2 helmet of Reason {Str+9 Int-5}
  1201 | D:2      | Noticed Robin
  1212 | D:2      | Killed Robin
  1562 | D:3      | Reached XP level 5. HP: 41/48 MP: 5/5
  1626 | D:3      | Noticed Jessica
  1632 | D:3      | Killed Jessica
  1637 | D:3      | Found a sacrificial altar of Ru.
  2316 | D:4      | Reached XP level 6. HP: 55/55 MP: 6/6
  2626 | D:4      | Reached skill level 1 in Shields
  3140 | D:5      | Entered Level 5 of the Dungeon
  3152 | D:5      | Reached XP level 7. HP: 41/64 MP: 7/7
  3520 | D:5      | Found a basalt altar of Yredelemnul.
  3597 | D:5      | Noticed Blork the orc
  3607 | D:5      | Killed Blork the orc
  3608 | D:5      | Reached skill level 5 in Fighting
  3645 | D:5      | Reached skill level 5 in Axes
  4072 | D:6      | Reached XP level 8. HP: 69/73 MP: 8/8
  4360 | D:6      | Found an ancient bone altar of Kikubaaqudgha.
  4417 | D:6      | Reached skill level 5 in Armour
  4536 | D:6      | HP: 3/75 [orc warrior/+0 halberd (4)]
  4593 | D:6      | HP: 2/75 [orc warrior/+0 halberd (11)]
  4896 | D:6      | Reached XP level 9. HP: 83/83 MP: 9/9
  4901 | D:6      | Killed an angel
  4936 | D:6      | Found a stormy altar of Qazlal.
  4946 | D:6      | Became a worshipper of Qazlal Stormbringer
  4972 | D:6      | Found a glowing silver altar of Zin.
  4974 | D:6      | Found a shimmering altar of Xom.
  5339 | D:7      | Noticed Pikel
  5361 | D:7      | Killed Pikel
  5514 | D:6      | Reached skill level 5 in Shields
  5719 | D:7      | Found a glowing golden altar of the Shining One.
  5746 | D:7      | Found a snail-covered altar of Cheibriados.
  6013 | D:7      | Noticed Maggie
  6035 | D:7      | Killed Maggie
  6818 | D:8      | Found a shimmering blue altar of Sif Muna.
  6818 | D:8      | Found a broken altar of Ashenzari.
  6818 | D:8      | Found an opulent altar of Gozag.
  7113 | D:8      | Reached XP level 10. HP: 80/94 MP: 10/10
  7440 | D:8      | Found a bloodstained altar of Trog.
  7444 | D:8      | Noticed a wizard
  7449 | D:8      | Killed a wizard
  7686 | D:9      | Reached skill level 1 in Invocations
  7688 | D:9      | Reached * piety under Qazlal
  8183 | D:9      | Noticed a six-headed hydra
  8191 | D:9      | Killed a six-headed hydra
  8483 | D:9      | Found a white marble altar of Elyvilon.
  8740 | D:10     | Entered Level 10 of the Dungeon
  8817 | D:10     | Noticed a two-headed ogre
  8826 | D:10     | Killed a two-headed ogre
  9042 | D:10     | Noticed a centaur warrior
  9055 | D:10     | Killed a centaur warrior
  9774 | D:10     | Found a staircase to the Orcish Mines.
  9784 | D:10     | Reached XP level 11. HP: 77/103 MP: 13/13
 10392 | D:10     | Reached ** piety under Qazlal
 10737 | D:10     | Identified the +9 war axe of Zacepar {heavy, Str+4}
 10737 | D:10     | Noticed an ogre mage
 10791 | D:10     | Killed from afar by an ogre mage

Illustrated notes

Levels and vault maps discovered:
D:1:      ebering_hopf_link, layout_basic, dreamdust_ecumenical_altar_grove
D:2:      layout_basic, serial_aquarium, aquarium_bridge_square
          [aquarium_subvault_bridge, aquarium_subvault_wall,
          aquarium_subvault_balcony, aquarium_subvault_bridge],
          aquarium_bridge_straight [aquarium_subvault_bridge,
          aquarium_subvault_window, aquarium_subvault_bridge,
          aquarium_subvault_wall], aquarium_window_corner, aquarium_window_2,
          aquarium_window_corridor_1, aquarium_window_fake, aquarium_view_2b,
          aquarium_view_2f, kennysheep_generic_room_6, uniq_robin
D:3:      layout_basic, mainiacjoe_overflow_concentric_impassable, uniq_jessica
D:4:      layout_loops_ring, minmay_bisected
D:5:      layout_cave_pools, kennysheep_mini_moat, uniq_blork_the_orc
D:6:      layout_gridville, grunt_temple_overflow_order_and_chaos_1,
          mainiacjoe_overflow_cross_hatched, overflow_temple_1_default,
          minmay_temple_entry_from_below_a, minmay_bent
D:7:      layout_basic, mainiacjoe_overflow_tiny_flanked,
          lemuel_coloured_pillars_altar, uniq_maggie, uniq_pikel
D:8:      layout_loops_corners, chequers_temple_overflow_statue_of_worship,
          trog_wizard
D:9:      layout_loops_ring, elyvilon_altar_1
D:10:     minmay_the_grid_octo_2x2 [minmay_the_grid_octo_concentric,
          minmay_the_grid_octo_focus, minmay_the_grid_octo_tetromino_candy,
          minmay_the_grid_octo_prize_star], layout_loops_corners,
          kennysheep_orc_monster_closet_entryway

Skill      XL: |  1  2  3  4  5  6  7  8  9 10 11 |
---------------+----------------------------------+-----
Fighting       | 2 3 4 5 6 8 9 |  9.6
Armour         | 1 2 3 4 5 6 8 |  8.5
Axes           | 3 4 5 6 7 8 9 |  9.0
Shields        | 1 2 4 5 |  5.3
Invocations    | 3 |  3.9
Dodging        | 3 |  3.9
Throwing       | |  1.7

Action                     |  1- 3 |  4- 6 |  7- 9 | 10-12 || total
---------------------------+-------+-------+-------+-------++-------
  Melee: War axe           |    57 |   169 |   291 |       ||   517
         Tailslap          |     8 |    13 |    41 |    29 ||    91
         Punch             |       |     1 |       |       ||     1
         Mace              |       |       |    16 |   183 ||   199
         Dire flail        |       |       |       |    63 ||    63
    Use: Scroll            |       |     1 |    13 |     8 ||    22
         Potion            |       |       |     3 |     1 ||     4
   Stab: Sleeping          |       |     1 |       |       ||     1
 Armour: Leather armour    |    31 |   103 |       |       ||   134
         Ring mail         |       |    13 |   118 |       ||   131
         Plate armour      |       |       |   123 |   230 ||   353
  Dodge: Dodged            |    30 |    95 |   142 |    98 ||   365
  Block: Buckler           |       |    10 |    82 |    87 ||   179
         Other             |       |       |       |     6 ||     6

Table legend: (Time is in decaauts)
 A = Elapsed time spent in this place.
 B = Non-inter-level travel time spent in this place.
 C = Inter-level travel time spent in this place.
 D = Time resting spent in this place.
 E = Time spent auto-exploring this place.
 F = Levels seen in this place.
 G = Mean time per level.
                   A        B        C        D        E       F      G
               +--------+--------+--------+--------+--------+-----+--------+
         Total |  11068 |  10776 |    292 |   1121 |   7613 |  10 | 1106.8 |
       Dungeon |  11068 |  10776 |    292 |   1121 |   7613 |  10 | 1106.8 |
               +--------+--------+--------+--------+--------+-----+--------+

Top non-repeatable levels by time:
    D:10: 1948 daAuts
     D:6: 1453 daAuts
     D:9: 1313 daAuts
     D:7: 1103 daAuts
     D:8: 1089 daAuts
     D:5: 949 daAuts
     D:2: 947 daAuts
     D:4: 855 daAuts
     D:3: 779 daAuts
     D:1: 627 daAuts
